 Dungeon Crawl Stone Soup version 0.22-a0-538-g76cc104 (webtiles) character file.

42 kae the Insei (level 3, -2/26 HPs)
             Began as a Demonspawn Transmuter on June 23, 2018.
             Slain by an adder (5 damage)
             ... on level 2 of the Dungeon.
             The game lasted 00:00:28 (1083 turns).

kae the Insei (Demonspawn Transmuter)               Turns: 1083, Time: 00:00:29

Health: -2/26      AC:  2    Str: 10    XL:     3   Next: 35%
Magic:  5/6        EV: 12    Int: 14    God:
Gold:   56         SH:  0    Dex: 14    Spells: 5/6 levels left

rFire    . . .     SeeInvis .     - Unarmed
rCold    . . .     Gourm    .   (no shield)
rNeg     . . .     Faith    .   b - +0 robe
rPois    .         Spirit   .   (no helmet)
rElec    .         Reflect  .   (no cloak)
rCorr    .         Harm     .   (no gloves)
MR       .....                  (no boots)
Stlth    +.........             (no amulet)
HPRegen  0.08/turn              (no ring)
MPRegen  0.10/turn              (no ring)

@: lethally poisoned (-2 -> -6), appendage (expiring)
A: hooves 1, horns 2
a: End Transformation


You were on level 2 of the Dungeon.
You were not hungry.
You had grown temporary horns.
You visited 1 branch of the dungeon, and saw 2 of its levels.

You collected 56 gold pieces.

Inventory:

Missiles
 a - 12 arrows
Armour
 b - a +0 robe (worn)
Jewellery
 g - a cursed -3 ring of strength {unknown}
Scrolls
 c - a scroll of identify {unknown}
 f - a scroll of remove curse {unknown}
Potions
 e - 2 potions of degeneration {unknown}
 h - a potion of curing {unknown}
 j - a potion of might {unknown}
Comestibles
 d - 3 rations


   Skills:
 + Level 1.4 Fighting
 - Level 1.7 Dodging
 * Level 3.2 Unarmed Combat
 + Level 2.3 Spellcasting
 * Level 2.4 Transmutations


You had 5 spell levels left.
You knew the following spells:

 Your Spells              Type           Power        Failure   Level  Hunger
a - Beastly Appendage     Tmut           #.....       9%          1    #......

Your spell library contained the following spells:

 Spells                   Type           Power        Failure   Level  Hunger
 Spider Form              Tmut/Pois      #.........   38%         3    ###....
 Blade Hands              Tmut           #.........   94%         5    ######.
 Ice Form                 Ice/Tmut       #.......     80%         4    #####..
 Sticks to Snakes         Tmut           #.......     13%         2    ###....


Dungeon Overview and Level Annotations

Branches:
Dungeon (2/15)

Altars:


Innate Abilities, Weirdness & Mutations

You have large cloven feet.
You have a pair of horns on your head.


Message History

The adder poisons you!
You closely miss the adder. You kick the adder, but do no damage.
You feel sick. The adder closely misses you.
You closely miss the adder. Your kick misses the adder. The adder misses you.
You hit the adder but do no damage. You kick the adder.
The adder is moderately wounded.
You feel sick. The adder barely misses you.
You hit the adder but do no damage. Your kick misses the adder.
The adder is moderately wounded.
Your transformation is almost over.
The adder bites you.
* * * LOW HITPOINT WARNING * * *
You hit the adder.
The adder is heavily wounded.
You feel sick. The adder barely misses you. The adder bites you.
* * * LOW HITPOINT WARNING * * *
You hit the adder but do no damage. Your kick misses the adder.
The adder is heavily wounded.
The adder bites you.
You die...

##..#
#..##
##..#
#..#
##.##
#..#
###.##
#....###
#.#@>..#
#.##S#.#
. K#.#
.. .# #
## .# ..
.# ..


You could see an adder and a kobold.

Vanquished Creatures
  A gnoll (D:1)
  2 leopard geckos
  A giant cockroach (D:1)
  5 goblins
  4 hobgoblins
  3 jackals (D:2)
  4 kobolds (D:1)
  2 bats (D:1)
  2 frilled lizards (D:1)
  6 rats (D:1)
30 creatures vanquished.

Notes
Turn   | Place    | Note
-------+----------+-------------------------------------------
     0 | D:1      | kae the Demonspawn Transmuter began the quest for the Orb.
     0 | D:1      | Reached XP level 1. HP: 15/15 MP: 3/3
    46 | D:1      | Gained mutation: You have large cloven feet. [demonic ancestry]
    46 | D:1      | Reached XP level 2. HP: 17/21 MP: 5/5
   173 | D:1      | Reached skill level 3 in Unarmed Combat
   433 | D:1      | Reached XP level 3. HP: 26/26 MP: 6/6
  1083 | D:2      | Slain by an adder

Vault maps used:
D:1:      dpeg_arrival_rooms_c
D:2:      chequers_ecumenical_altar_simple, uniq_terence

Skill      XL: |  1  2 |
---------------+-------+-----
Transmutations | 2 |  2.4
Unarmed Combat | 3 |  3.2
Fighting       | |  1.4
Dodging        | |  1.7
Spellcasting   | |  2.3

Action                   || total
-------------------------++-------
Melee: Unarmed           ||    95
       Kick              ||    12
       Punch             ||     2
 Cast: Beastly Appendage ||     7
 Stab: Sleeping          ||     1
  Eat: Chunk             ||     1
Armor: Robe              ||    16
Dodge: Dodged            ||    60

Table legend:
 A = Spawn XP
 B = Non-spawn XP
 C = Spawn XP percentage of total XP
 D = Spawn monster count
 E = Non-spawn monster count
 F = Spawn count percentage of total count
 G = Total turns spent on level
                    A         B        C        D         E        F      G
               +---------+---------+-------+---------+---------+-------+---------
         Total |       0 |      61 |   0.0 |       0 |      30 |   0.0 |  1083
               +---------+---------+-------+---------+---------+-------+---------
           D:1 |       0 |      46 |   0.0 |       0 |      23 |   0.0 |   790
           D:2 |       0 |      15 |   0.0 |       0 |       7 |   0.0 |   293
               +---------+---------+-------+---------+---------+-------+---------
